 Dungeon Crawl Stone Soup version 0.31.0-32-g396128a36d (webtiles) character file.

Game seed: 13701981903014341366

78 PaiMei the Gusty (level 4, -1/25 HPs)
             Began as a Tengu Air Elementalist on Mar 15, 2024.
             Succumbed to Robin's poison
             ... on level 3 of the Dungeon.
             The game lasted 00:02:46 (2645 turns).

PaiMei the Gusty (Tengu Air Elementalist)           Turns: 2645, Time: 00:02:47

Health: -1/25      AC:  2    Str:  8    XL:     4   Next: 36%
Magic:  3/8        EV: 13    Int: 17    God:
Gold:   105        SH:  0    Dex: 15    Spells: 7/8 levels left

rFire   . . .        g - +0 mace
rCold   . . .        (no shield)
rNeg    . . .        a - +0 robe
rPois   .            (helmet restricted)
rElec   .            (no cloak)
rCorr   .            (no gloves)
SInv    .            (boots unavailable)
Will    .....        (no amulet)
Stlth   ++           (no ring)
HPRegen 0.24/turn    (no ring)
MPRegen 0.11/turn

%: acrobat
@: lethally poisoned (-1 -> -16)
A: beak, talons 3, acrobatic
a: no special abilities


You were on level 3 of the Dungeon.
You visited 1 branch of the dungeon, and saw 3 of its levels.

You collected 105 gold pieces.

Inventory:

Hand Weapons
 d - a +0 short sword
 g - a +0 mace (weapon)
Armour
 a - a +0 robe (worn)
Jewellery
 j - an amulet of guardian spirit
 k - a ring of ice
Scrolls
 c - a scroll of enchant armour {unknown}
 e - a scroll of teleportation {unknown}
 f - a scroll of fog {unknown}
Potions
 b - a potion of magic
 h - a potion of heal wounds {unknown}
 i - a potion of curing {unknown}


   Skills:
 + Level 1.2 Fighting
 + Level 2.9 Dodging
 - Level 2.1 Stealth
 + Level 2.5 Spellcasting
 + Level 2.5 Conjurations
 + Level 4.6 Air Magic


You had 7 spell levels left.
You knew the following spells:

 Your Spells              Type           Power      Damage    Failure   Level
a - Shock                 Conj/Air       56%        1d6       4%          1

Your spell library contained the following spells:

 Spells                   Type           Power      Damage    Failure   Level
 Static Discharge         Conj/Air       28%        3-5/arc   6%          2
 Swiftness                Air            18%        N/A       9%          3
 Sting                    Conj/Alch      24%        1d4       11%         1
 Apportation              Tloc           4%         N/A       19%         1
 Necrotise                Necr           8%         1d4       19%         1
 Summon Small Mammal      Summ           8%         N/A       19%         1
 Airstrike                Air            9%         2d(2-18)  26%         4


Dungeon Overview and Level Annotations

Branches:
Dungeon (3/15)

Altars:

Annotations:
D:3 Robin


Innate Abilities, Weirdness & Mutations

You have a beak for a mouth.
You have claws for feet.
You can magically evade attacks while moving or waiting.


Message History

Press: ? - help, Shift-Dir - straight line, f - Robin
Aim: Robin, wielding a +0 whip of venom, wearing a +0 animal skin and wearing a +0 helmet (79% to hit)
The zap hits Robin.
Robin is moderately wounded.
You feel sick. Robin closely misses you.
Casting: Shock (safe; 4% risk of failure)
Confirm with . or Enter, or press ? or * to list all spells.
Aiming: Shock (safe; 4% risk of failure)
Press: ? - help, Shift-Dir - straight line, f/p - Robin
Aim: Robin, wielding a +0 whip of venom, wearing a +0 animal skin and wearing a +0 helmet (moderately wounded, 79% to hit)
The zap hits Robin but does no damage.
Robin is moderately wounded.
You feel sick. Robin hits you with a +0 whip of venom.
You are more poisoned.
Casting: Shock (safe; 4% risk of failure)
Confirm with . or Enter, or press ? or * to list all spells.
Aiming: Shock (safe; 4% risk of failure)
Press: ? - help, Shift-Dir - straight line, f/p - Robin
Aim: Robin, wielding a +0 whip of venom, wearing a +0 animal skin and wearing a +0 helmet (moderately wounded, 79% to hit)
The zap hits Robin.
Robin is moderately wounded.
You feel very sick. Robin closely misses you.
Casting: Shock (safe; 4% risk of failure)
Confirm with . or Enter, or press ? or * to list all spells.
Aiming: Shock (safe; 4% risk of failure)
Press: ? - help, Shift-Dir - straight line, f/p - Robin
Aim: Robin, wielding a +0 whip of venom, wearing a +0 animal skin and wearing a +0 helmet (moderately wounded, 79% to hit)
The zap hits Robin.
Robin is severely wounded.
You feel sick. The hobgoblin hits you. Robin hits you with a +0 whip of venom.
* * * LOW HITPOINT WARNING * * *
You are more poisoned.
Casting: Shock (safe; 4% risk of failure)
Confirm with . or Enter, or press ? or * to list all spells.
Aiming: Shock (safe; 4% risk of failure)
Press: ? - help, Shift-Dir - straight line, f/p - Robin
Aim: Robin, wielding a +0 whip of venom, wearing a +0 animal skin and wearing a +0 helmet (severely wounded, 79% to hit)
The zap misses Robin.
You die...

#.#
####.######
#....รท..g.#
#.#..##.#@#
#.#..##.#g#
#.#.....#.#
#.#.##..#.#
#.......#.#
###...g...#
#.....####
#g########
#........#


You could see Robin and a hobgoblin.

Vanquished Creatures
  2 adders (D:2)
  A dart slug (D:1)
  A ribbon worm (D:3)
  6 bats
  2 giant cockroaches
  10 goblins
  9 hobgoblins
  2 quokkas (D:2)
  5 ball pythons
  3 frilled lizards
  4 kobolds
  7 rats
52 creatures vanquished.

Notes
Turn   | Place    | Note
-------+----------+-------------------------------------------
     0 | D:1      | PaiMei the Tengu Air Elementalist began the quest for the
                  | Orb.
     0 | D:1      | Reached XP level 1. HP: 10/10 MP: 4/4
   267 | D:1      | Reached XP level 2. HP: 15/15 MP: 4/6
  1140 | D:2      | Reached XP level 3. HP: 20/20 MP: 3/7
  1485 | D:2      | Reached skill level 1 in Fighting
  1984 | D:2      | Reached XP level 4. HP: 25/25 MP: 3/8
  2414 | D:3      | Noticed Robin
  2645 | D:3      | Succumbed to Robin's poison

Illustrated notes

Levels and vault maps discovered:
D:1:      dpeg_arrival_tiny_a, layout_basic
D:2:      layout_loops_ring
D:3:      layout_loops_cross, old_standard_altar, ebering_ghost_reflecting_pool,
          uniq_robin, uniq_ijyb, uniq_crazy_yiuf_cottage

Skill      XL: |  1  2  3 |
---------------+----------+-----
Conjurations   | 2 |  2.5
Fighting       | 1 |  1.2
Dodging        | |  2.9
Stealth        | |  2.1
Spellcasting   | |  2.5
Air Magic      | |  4.6

Action                     |  1- 3 |  4- 6 || total
---------------------------+-------+-------++-------
  Melee: Unarmed           |     1 |       ||     1
         Short sword       |    10 |       ||    10
         Peck              |     1 |       ||     1
         Mace              |       |     7 ||     7
         Kick              |       |     1 ||     1
   Cast: Shock             |    74 |    25 ||    99
 Armour: Robe              |    12 |    20 ||    32
  Dodge: Dodged            |    23 |    15 ||    38
